 Dungeon Crawl Stone Soup version 0.23.0 (webtiles) character file.

Game seed: 2604959474463555139

224 Mgcat the Poker (level 6, -3/51 HPs)
             Began as a Merfolk Fighter on Feb 14, 2019.
             Was a Believer of Lugonu.
             Slain by an ogre
             ... wielding a +0 giant spiked club
              (19 damage)
             ... on level 4 of the Dungeon.
             The game lasted 00:05:55 (3610 turns).

Mgcat the Poker (Merfolk Fighter)                   Turns: 3610, Time: 00:05:56

Health: -3/51      AC:  8    Str: 18    XL:     6   Next: 0%
Magic:  7/7        EV:  7    Int:  8    God:    Lugonu [**....]
Gold:   149        SH:  9    Dex: 13    Spells: 5/5 levels left

rFire    . . .     SeeInvis .   a - +0 trident
rCold    . . .     Gourm    .   c - +0 shield
rNeg     . . .     Faith    .   b - +0 scale mail
rPois    .         Spirit   .   o - +2 hat
rElec    .         Reflect  .   (no cloak)
rCorr    .         Harm     .   (no gloves)
MR       .....                  (no boots)
Stlth    +.........             (no amulet)
HPRegen  0.17/turn              r - ring of stealth {Stlth+}
MPRegen  0.10/turn              (no ring)

@: no status effects
A: change form in water, swift swim, stealthy swim
a: Depart the Abyss, Bend Space, Renounce Religion


You were on level 4 of the Dungeon.
You worshipped Lugonu.
Lugonu was pleased with you.
You were not hungry.

You visited 1 branch of the dungeon, and saw 4 of its levels.

You collected 149 gold pieces.

Inventory:

Hand Weapons
 a - a +0 trident (weapon)
Armour
 b - a +0 scale mail (worn)
 c - a +0 shield (worn)
 o - a +2 hat (worn)
   (You found it on level 2 of the Dungeon)
Jewellery
 r - a ring of stealth (left hand) {Stlth+}
   (You took it off a crimson imp on level 3 of the Dungeon)
Scrolls
 e - 4 scrolls of remove curse
 g - 4 scrolls of teleportation
 l - a scroll of magic mapping {!r}
 s - 4 scrolls of identify
 u - a scroll of fear
Potions
 d - 2 potions of might
 h - a potion of haste
 i - 7 potions of curing
 j - a potion of mutation {unknown}
 k - a potion of magic {unknown}
 m - 2 potions of berserk rage {unknown}
 n - a potion of brilliance
 p - 2 potions of lignification {!q}
 q - a potion of agility
 t - 2 potions of cancellation {unknown}
 w - a potion of heal wounds {unknown}
Comestibles
 f - 2 rations
 v - 3 chunks of flesh {@w0}


   Skills:
 - Level 5.0 Fighting
 + Level 6.3 Polearms
 - Level 2.1 Armour
 - Level 3.0 Shields
 + Level 2.2 Invocations


You had 5 spell levels left.
You didn't know any spells.
Your spell library was empty.

Dungeon Overview and Level Annotations

Branches:
Dungeon (4/15)
 Temple: D:4-7

Altars:
Qazlal
Sif Muna
Lugonu


Message History

v - 3 chunks of flesh {@w0} (gained 1)
You see here a bat skeleton. x2
You see here a rat skeleton.
You now have 149 gold pieces (gained 15).
A giant cockroach comes into view.
A giant cockroach is nearby!
The giant cockroach waves its antennae.
Attack whom?
Press: ? - help, Dir - move target cursor, f - giant cockroach
Aim: a giant cockroach You reach to attack!
You closely miss the giant cockroach.
You completely miss the giant cockroach.
You block the giant cockroach's attack.
The giant cockroach completely misses you.
You puncture the giant cockroach!
You kill the giant cockroach!
Lugonu accepts your kill.
No target in view!
No target in view!
Found a stone staircase leading down.
There is a stone staircase leading down here.
There is a stone staircase leading down here.
You see here a leather armour.
You see here a mace.
Eating one of 3 chunks of flesh {@w0}.
You eat one of the 3 chunks of flesh {@w0}.
This raw flesh tastes terrible.
You see here 20 stones.
Found a stormy altar of Qazlal.
A goblin comes into view.
The goblin shouts!
An adder comes into view.
There are monsters nearby!
You hit the goblin.
You kill the goblin!
Lugonu accepts your kill.
You puncture the adder!
You kill the adder!
Lugonu accepts your kill.
You have reached level 6!
Your experience leads to an increase in your attributes!
Increase (S)trength, (I)ntelligence, or (D)exterity?
You feel stronger.
Health restored: 51; MP restored: 7 You butcher the goblin corpse.
v - 3 chunks of flesh {@w0} (gained 1)
You see here a goblin skeleton. x2
Done exploring.
Done exploring.
Done exploring.
Done exploring.
Done exploring.
Done exploring.
(D) Dungeon
Where to? (Enter - D:3, ? - help)
What level of the Dungeon? (default 1, ? - help)
There is a stone staircase leading down here.
You climb downwards.
There is a stone staircase leading up here.
You open the door.
There is an open door here.
As you open the door, it creaks loudly!
There is an open door here.
s - 4 scrolls of identify (gained 1)
You open the door.
An ogre comes into view. It is wielding a +0 giant spiked club.
The ogre shouts!
A centaur skeleton comes into view.
There is an open door here.
Spoiler Alert: The ogre can hit for high damage in melee!
You start waiting.
A leopard gecko comes into view.
The leopard gecko hisses angrily.
You hit the ogre.
The ogre is lightly wounded.
You block the ogre's attack.
Spoiler Alert: The ogre can hit for high damage in melee!
You barely miss the ogre.
The ogre is lightly wounded.
You block the ogre's attack.
You hit the ogre but do no damage.
The ogre is lightly wounded.
The ogre hits you with a +0 giant spiked club!
You take 11 damage, and have 40/51 hp.
MASSIVE DAMAGE!!
Spoiler Alert: The ogre can hit for high damage in melee!
You hit the ogre.
The ogre is lightly wounded.
You hit the ogre.
The ogre is lightly wounded.
The ogre hits you with a +0 giant spiked club!!
You hear a shout!
You take 24 damage, and have 16/51 hp.
MASSIVE DAMAGE!!
Spoiler Alert: The ogre can hit for high damage in melee!
You are too injured to fight recklessly!
You are too injured to fight recklessly!
You are too injured to fight recklessly!
You hit the ogre.
The ogre is moderately wounded.
The ogre hits you with a +0 giant spiked club!!
You die...

......
..... ..O.
Z.. ..#
####..+
#.@#..#+#..
#..O.......
#..#.......
#'###..##.#
#..######.#
#...#.....#
#...'.....#
#..##<...##
#..#######


You could see an ogre.

Vanquished Creatures
  A crimson imp (D:3)
  An orc priest (D:3)
  A worker ant (D:2)
  4 gnolls
  4 adders
  A worm (D:3)
  A dart slug (D:3)
  2 leopard geckos
  4 orcs (D:3)
  2 ball pythons (D:2)
  A giant cockroach (D:3)
  2 hobgoblins
  A jackal (D:2)
  2 quokkas
  8 bats
  3 frilled lizards
  5 goblins
  10 kobolds
  6 rats
59 creatures vanquished.

Notes
Turn   | Place    | Note
-------+----------+-------------------------------------------
     0 | D:1      | Mgcat the Merfolk Fighter began the quest for the Orb.
     0 | D:1      | Reached XP level 1. HP: 18/18 MP: 1/1
   433 | D:1      | Reached XP level 2. HP: 24/24 MP: 2/2
  1387 | D:2      | Reached skill level 4 in Fighting
  1387 | D:2      | Reached skill level 4 in Polearms
  1387 | D:2      | Reached XP level 3. HP: 23/30 MP: 3/3
  1565 | D:2      | Found a deep blue altar of Sif Muna.
  1825 | D:2      | Reached XP level 4. HP: 38/38 MP: 4/4
  1996 | D:2      | HP: 9/38 [poisoned by an adder]
  2003 | D:2      | HP: 7/38 [poisoned by an adder]
  2010 | D:2      | HP: 6/38 [poisoned by an adder]
  2018 | D:2      | HP: 5/38 [poisoned by an adder]
  2311 | D:2      | Reached skill level 5 in Polearms
  2550 | D:2      | Found a faded altar of an unknown god.
  2814 | D:2      | Became a worshipper of Lugonu the Unformed
  2814 | D:2      | Reached * piety under Lugonu
  2814 | D:2      | Reached ** piety under Lugonu
  2916 | D:3      | Reached XP level 5. HP: 38/43 MP: 5/5
  3025 | D:3      | Reached skill level 5 in Fighting
  3025 | D:3      | Reached skill level 1 in Invocations
  3045 | D:3      | HP: 11/44 [poisoned by an orc priest]
  3053 | D:3      | HP: 11/44 [poisoned by an orc priest]
  3386 | D:3      | Reached skill level 6 in Polearms
  3386 | D:3      | Reached skill level 2 in Invocations
  3540 | D:3      | Found a stormy altar of Qazlal.
  3541 | D:3      | Noticed an air elemental
  3541 | D:3      | Noticed a fire elemental
  3541 | D:3      | Noticed a water elemental
  3546 | D:3      | Reached XP level 6. HP: 51/51 MP: 7/7
  3610 | D:4      | Slain by an ogre

Skill      XL: |  1  2  3  4  5 |
---------------+----------------+-----
Fighting       | 4 5 |  5.0
Polearms       | 4 5 6 |  6.3
Invocations    | 2 |  2.2
Armour         | |  2.1
Shields        | |  3.0

Action                   |  1- 3 |  4- 6 || total
-------------------------+-------+-------++-------
Melee: Trident           |    91 |   161 ||   252
  Use: Scroll            |       |    12 ||    12
  Eat: Chunk             |     3 |     6 ||     9
Armor: Scale mail        |    39 |    52 ||    91
Dodge: Dodged            |    19 |    23 ||    42
Block: Shield            |    37 |    49 ||    86

Levels and vault maps discovered:
D:1:      dpeg_arrival_short_road, layout_basic, bh_walls_and_bars
D:2:      layout_basic, lemuel_round_altar, chequers_ecumenical_altar_grove,
          minmay_hexomino_u4
D:3:      layout_rooms, nicolae_qazlal_style_of_elements
D:4:      layout_gridville, kennysheep_mini_moat, ebering_ghost_gozag,
          lemuel_blue_sif_altar, uniq_ijyb, uniq_pikel, uniq_grinder

Table legend:
 A = Turns spent in this place as a percentage of turns spent in the entire game.
 B = Non-inter-level travel turns spent in this place as a percentage of non-inter-level travel turns spent in the entire game.
 C = Inter-level travel turns spent in this place as a percentage of turns spent in this place.
 D = Turns resting spent in this place as a percentage of non-inter-level travel turns spent in this place.
 E = Turns spent auto-exploring this place as a percentage of non-inter-level travel turns spent in this place.
 F = Non-inter-level travel turns spent in this place divided by the number of levels of this place that you've seen.
                   A       B       C       D       E      F
               +-------+-------+-------+-------+-------+----------------------
         Total | 100.0 | 100.0 |   5.9 |  23.4 |  62.6 | 849.0
       Dungeon | 100.0 | 100.0 |   5.9 |  23.4 |  62.6 | 849.0
               +-------+-------+-------+-------+-------+----------------------

Table legend:
 A = Kills in this place as a percentage of kills in entire the game.
 B = Kills by you in this place as a percentage of kills by you in the entire game.
 C = Kills by friends in this place as a percentage of kills by friends in the entire game.
 D = Other kills in this place as a percentage of other kills in the entire game.
 E = Experience gained in this place as a percentage of experience gained in the entire game.
 F = Experience gained in this place divided by the number of levels of this place that you have seen.
                   A       B       C       D       E      F
               +-------+-------+-------+-------+-------+----------------------
         Total | 100.0 | 100.0 |   N/A |   N/A | 100.0 |  80.2
       Dungeon | 100.0 | 100.0 |   N/A |   N/A | 100.0 |  80.2
               +-------+-------+-------+-------+-------+----------------------
